 Dungeon Crawl Stone Soup version 0.29.0-11-gd7f09526c8 (webtiles) character file.

Game seed: 16440505765250540943

3452 smilodon the Grappler (level 9, -5/64 HPs)
             Began as a Demonspawn Fighter on Sept 2, 2022.
             Was an Initiate of Nemelex Xobeh.
             Slain by an orc knight
             ... wielding a +0 bardiche
              (17 damage)
             ... in a bailey.
             The game lasted 00:21:30 (7685 turns).

smilodon the Grappler (Demonspawn Fighter)          Turns: 7685, Time: 00:21:31

Health: -5/64      AC: 18    Str: 20    XL:     9   Next: 78%
Magic:  9/9        EV:  4    Int: 10    God:    Nemelex Xobeh [......]
Gold:   373        SH:  8    Dex: 13    Spells: 8/8 levels left

rFire   . . .      SeeInvis .     - Unarmed
rCold   . . .      Faith    .   t - +0 kite shield
rNeg    . . .      Spirit   .   r - +0 plate armour
rPois   .          Reflect  .   j - +0 helmet
rElec   .          Harm     .   q - scarf {repulsion}
rCorr   .          Rampage  .   i - +0 pair of gloves
Will    .....      Clarity  +   u - +0 pair of boots
Stlth   ..........              (no amulet)
HPRegen 0.20/turn               l - +4 ring of slaying
MPRegen 0.11/turn               (no ring)

@: repel missiles, unable to drink
A: claws 2, icy blue scales 2, demonic guardian 1, powered by pain 2, fangs 1,
clarity, no potion heal 1, inability to drink after injury 1
a: Renounce Religion, Draw Escape, Draw Destruction, Draw Summoning


You were in a bailey.
You worshipped Nemelex Xobeh.
Nemelex Xobeh was noncommittal.
You visited 2 branches of the dungeon, and saw 8 of its levels.
You also visited: Bailey.

You collected 373 gold pieces.

Inventory:

Hand Weapons
 a - a +0 long sword
Missiles
 n - 14 poisoned darts (quivered)
Armour
 b - a +0 scale mail
 c - a +0 buckler
 i - a +0 pair of gloves (worn)
 j - a +0 helmet (worn)
 p - a +0 chain mail
 q - a scarf of repulsion (worn)
 r - a +0 plate armour (worn)
 t - a +0 kite shield (worn)
 u - a +0 pair of boots (worn)
Jewellery
 l - a +4 ring of slaying (left hand)
Scrolls
 k - 2 scrolls of poison
Potions
 d - 3 potions of flight
 e - 3 potions of curing
 h - a potion of cancellation
 o - a potion of ambrosia
 s - a potion of resistance


   Skills:
 - Level 3.6 Fighting
 - Level 3.0 Long Blades
 - Level 3.4 Armour
 - Level 0.4 Dodging
 - Level 3.0 Shields
 * Level 12.0 Unarmed Combat


You had 8 spell levels left.
You didn't know any spells.
Your spell library contained the following spells:

 Spells                   Type           Power      Damage    Failure   Level
 Apportation              Tloc           0%         N/A       100%        1
 Necrotise                Necr           0%         1d4       100%        1
 Summon Small Mammal      Summ           0%         N/A       100%        1
 Leda's Liquefaction      Hex/Erth       0%         N/A       100%        4
 Lee's Rapid Deconstruct  Erth           0%         3d5*      100%        5
 Statue Form              Tmut/Erth      0%         N/A       100%        6


Dungeon Overview and Level Annotations

Branches:
Dungeon (7/15)             Temple (1/1) D:6          Bailey (1/1)

Altars:
Ashenzari
Cheibriados
Dithmenos
Fedhas
Gozag
Kikubaaqudgha
Makhleb
Nemelex Xobeh
Qazlal
Ru
Sif Muna
Trog
Wu Jian
Xom
Yredelemnul

Annotations:
D:7 Menkaure


Innate Abilities, Weirdness & Mutations

You have very sharp fingernails.
You are mostly covered in icy blue scales. (AC +3)
A weak demonic guardian rushes to your aid.
You sometimes gain power by taking damage.
You have very sharp teeth.
You possess an exceptional clarity of mind.
Potions are less effective at restoring your health.
You occasionally lose the ability to drink potions when taking damage.


Message History

Your orc dies!
Your orc's corpse dissolves into shadows!
Your orc hits the orc knight but does no damage.
Lightning courses through the orc knight!
The orc knight roars a battlecry!
The orc goes into a battle-frenzy!
Your orc completely misses the orc knight.
Your orc hits the orc knight with a +1 dagger of electrocution.
Your orc dissolves into shadows!
The orc knight hits you from afar with a +0 bardiche.
This is a scroll of acquirement!
Something appears at your feet!
The orc knight hits you from afar with a +0 bardiche!!
You feel threatened and lose the ability to drink potions!
* * * LOW HITPOINT WARNING * * *
A demonic guardian appears!
The orc hits you but does no damage.
You cannot drink potions in your current state!
Your ufetubus hits the orc knight but does no damage.
Your ufetubus hits the orc knight.
The orc knight hits your ufetubus with a +0 bardiche!!
Your ufetubus dies!
Your ufetubus disappears in a puff of smoke!
Something appears at your feet! The orc hits you but does no damage.
Something appears at your feet!
You can drink potions again.
You block the orc knight's attack.
The orc hits you from afar with a +0 trident.
* * * LOW HITPOINT WARNING * * *
Okay, then.
Okay, then.
You aren't carrying any items that you can evoke.
Throw: 15 darts (poison)
Press: ? - help, Q - select action, (/) - cycle Shift-Dir - straight line, f/p - orc knight
Aim: an orc knight, wielding a +0 bardiche and wearing a +3 scale mail (heavily wounded, 56% to hit)
You throw a poisoned dart.
The poisoned dart barely misses the orc knight.
The orc knight hits you from afar with a +0 bardiche!
You feel threatened and lose the ability to drink potions!
You die...
Your body disappears without a glow.

♣♣♣♣♣♣♣♣ ♣♣......♣♣
♣........♣
#♣..∩..∩..♣#
#.....@....#
##..........##
###......oo....#
♣♣........$...♣.#
#♣..♣.♣.).....♣♣.##
#≈≈.....)).=.......
#≈≈≈....#)...#......♣♣
#≈≈≈≈≈≈≈#..(.#≈≈≈≈...♣
#≈≈≈≈≈≈≈#.)..#≈≈≈≈≈≈.♣


You could see an orc knight and an orc (strong).

Vanquished Creatures
  6 yaks (D:6)
  Edmund (D:5)
  Duvessa (D:7)
  2 water moccasins
  2 orc warriors (Bailey)
  A sky beast (D:7)
  2 ice beasts
  A black bear (D:4)
  A centaur (D:7)
  2 phantoms (D:3)
  2 bullfrogs (D:7)
  3 scorpions
  Dowan (D:7)
  A howler monkey (D:7)
  5 hounds
  2 gnoll boudas
  A jelly (D:7)
  5 iguanas
  6 orc wizards
  9 gnolls
  7 adders
  2 white imps
  2 ufetubi
  2 worms
  A dart slug (D:1)
  19 orcs
  3 bats
  3 endoplasms
  2 giant cockroaches (D:1)
  4 goblins
  8 hobgoblins
  4 jackals
  9 quokkas
  10 ball pythons
  4 frilled lizards
  8 kobolds
  6 rats
148 creatures vanquished.

Vanquished Creatures (collateral kills)
  2 orc warriors (Bailey)
  Jessica (D:2)
  A worm (D:3)
  6 orcs
10 creatures vanquished.

Vanquished Creatures (others)
  4 plants (D:1)
4 creatures vanquished.

Grand Total: 162 creatures vanquished

Notes
Turn   | Place    | Note
-------+----------+-------------------------------------------
     0 | D:1      | smilodon the Demonspawn Fighter began the quest for the
                  | Orb.
     0 | D:1      | Reached XP level 1. HP: 18/18 MP: 1/1
   182 | D:1      | Found a faded altar of an unknown god.
   206 | D:1      | Gained mutation: You are partially covered in icy blue
                  | scales. (AC +2) [demonic ancestry]
   206 | D:1      | Reached XP level 2. HP: 21/24 MP: 2/2
   817 | D:1      | Gained mutation: A weak demonic guardian rushes to your
                  | aid. [demonic ancestry]
   817 | D:1      | Reached XP level 3. HP: 29/29 MP: 3/3
  1037 | D:2      | Found a stormy altar of Qazlal.
  1478 | D:2      | Gained mutation: You have sharp fingernails. [demonic
                  | ancestry]
  1478 | D:2      | Reached XP level 4. HP: 24/35 MP: 4/4
  1687 | D:2      | Noticed Jessica
  1701 | D:2      | Killed Jessica
  2634 | D:3      | Noticed a phantom
  2675 | D:3      | You fall into a shaft and drop 1 floor!
  2789 | D:4      | Reached skill level 1 in Unarmed Combat
  2896 | D:3      | Killed a phantom
  2897 | D:3      | Reached skill level 2 in Unarmed Combat
  2897 | D:3      | Gained mutation: You are mostly covered in icy blue scales.
                  | (AC +3) [demonic ancestry]
  2897 | D:3      | Reached XP level 5. HP: 41/41 MP: 5/5
  3212 | D:3      | Reached skill level 3 in Unarmed Combat
  3314 | D:3      | Noticed a phantom
  3327 | D:3      | Killed a phantom
  3328 | D:3      | Gained mutation: You sometimes gain a little power by
                  | taking damage. [demonic ancestry]
  3328 | D:3      | Reached XP level 6. HP: 46/47 MP: 6/6
  3423 | D:4      | Reached skill level 4 in Unarmed Combat
  3716 | D:4      | Reached skill level 5 in Unarmed Combat
  3850 | D:4      | Gained mutation: You sometimes lose your temper in combat.
                  | [potion of mutation]
  3850 | D:4      | Gained mutation: You have very sharp fingernails. [potion
                  | of mutation]
  3860 | D:5      | Entered Level 5 of the Dungeon
  3891 | D:5      | Mutation became permanent: You have sharp fingernails.
                  | [demonic ancestry]
  3891 | D:5      | Gained mutation: You have very sharp fingernails. [demonic
                  | ancestry]
  3891 | D:5      | Reached XP level 7. HP: 48/52 MP: 7/7
  4170 | D:5      | Reached skill level 6 in Unarmed Combat
  4437 | D:5      | Reached skill level 7 in Unarmed Combat
  4575 | D:5      | Noticed Edmund
  4590 | D:5      | Killed Edmund
  4591 | D:5      | Reached XP level 8. HP: 43/59 MP: 8/8
  4593 | D:5      | Lost mutation: You sometimes lose your temper in combat.
                  | [potion of mutation]
  4593 | D:5      | Gained mutation: You sometimes lose your temper in combat.
                  | [potion of mutation]
  4593 | D:5      | Gained mutation: You are agile. (Dex +4, Str/Int -1)
                  | [potion of mutation]
  4593 | D:5      | Gained mutation: Your body sometimes deteriorates upon
                  | taking damage. [potion of mutation]
  4594 | D:5      | Lost mutation: Your body sometimes deteriorates upon taking
                  | damage. [potion of mutation]
  4594 | D:5      | Lost mutation: You sometimes lose your temper in combat.
                  | [potion of mutation]
  4594 | D:5      | Lost mutation: You are agile. (Dex +4, Str/Int -1) [potion
                  | of mutation]
  4594 | D:5      | Gained mutation: You have very sharp teeth. [potion of
                  | mutation]
  4594 | D:5      | Gained mutation: You occasionally lose the ability to drink
                  | potions when taking damage. [potion of mutation]
  4594 | D:5      | Gained mutation: Potions are less effective at restoring
                  | your health. [potion of mutation]
  4594 | D:5      | Gained mutation: You possess an exceptional clarity of
                  | mind. [potion of mutation]
  5473 | D:6      | Reached skill level 8 in Unarmed Combat
  5570 | D:6      | Found a snail-covered altar of Cheibriados.
  5853 | D:6      | Reached skill level 9 in Unarmed Combat
  5859 | D:6      | Gained mutation: You sometimes gain power by taking damage.
                  | [demonic ancestry]
  5859 | D:6      | Reached XP level 9. HP: 20/64 MP: 9/9
  5863 | D:6      | Reached skill level 10 in Unarmed Combat
  5863 | D:6      | HP: 3/64 [yak (8)]
  6234 | D:6      | Found a staircase to the Ecumenical Temple.
  6240 | Temple   | Entered the Ecumenical Temple
  6459 | Temple   | Became a worshipper of Nemelex Xobeh the Trickster
  7100 | D:7      | Noticed Duvessa
  7108 | D:7      | Noticed Dowan
  7114 | D:7      | Killed Duvessa
  7115 | D:7      | Reached skill level 11 in Unarmed Combat
  7130 | D:7      | Killed Dowan
  7199 | D:7      | Noticed Menkaure
  7210 | D:7      | Found a flagged portal.
  7222 | Bailey   | Entered a bailey
  7662 | Bailey   | Reached skill level 12 in Unarmed Combat
  7667 | Bailey   | Noticed an orc knight
  7677 | Bailey   | Identified 3 scrolls of acquirement
  7677 | Bailey   | Acquired the ring "Onletze" {Str+4 Int+6}
  7680 | Bailey   | Acquired 819 gold pieces
  7682 | Bailey   | Acquired the +15 Maxwell's patent armour {-Cast -Tele rElec
                  | Will+ rCorr}
  7682 | Bailey   | Found the +15 Maxwell's patent armour {-Cast -Tele rElec
                  | Will+ rCorr}
  7685 | Bailey   | Slain by an orc knight

Illustrated notes

Levels and vault maps discovered:
D:1:      denvon_arrival_planthouse, layout_loops_cross,
          ebering_ecumenical_altar_rust, minivault_23,
          dreamdust_princess_corridor
D:2:      layout_basic, basic_altar, serial_aquarium, aquarium_bridge_square
          [aquarium_subvault_balcony, aquarium_subvault_bridge,
          aquarium_subvault_wall, aquarium_subvault_wall],
          aquarium_bridge_square [aquarium_subvault_window,
          aquarium_subvault_bridge, aquarium_subvault_bridge,
          aquarium_subvault_wall], aquarium_window_fake, aquarium_window_fake,
          aquarium_window_fake, aquarium_window_corridor_1, aquarium_view_4,
          aquarium_view_2a, aquarium_pool_split, kennysheep_cluttered_room,
          serial_bayou_ford_a, minmay_misc_feat_pillars,
          mrwooster_statue_mirror, uniq_jessica
D:3:      layout_rooms, wander_ebering_terrifying_dragon_lair
D:4:      layout_basic
D:5:      layout_basic, dreamdust_wishing_well, dk_noncrumbling_4, uniq_edmund
D:6:      layout_basic, mainiacjoe_overflow_surrounded_room, temple_green,
          grunt_decor_clamped
D:7:      layout_basic, enter_bailey_5, minmay_starry_boxes, uniq_maggie,
          uniq_menkaure, uniq_duvessa, uniq_crazy_yiuf_cottage
Temple:   regret_index_temple_sphere_string
Bailey:   bailey_polearm_elven_captive_hellmonk, bailey

Skill      XL: |  1  2  3  4  5  6  7  8  9 |
---------------+----------------------------+-----
Long Blades    | 2 3 |  3.0
Armour         | 3 |  3.4
Shields        | 3 |  3.0
Unarmed Combat | 2 3 5 7 9 12 | 12.0
Fighting       | |  3.6
Dodging        | |  0.4

Action                   |  1- 3 |  4- 6 |  7- 9 || total
-------------------------+-------+-------+-------++-------
Melee: Long sword        |   115 |       |       ||   115
       Unarmed           |       |   211 |   313 ||   524
       Bite              |       |       |    33 ||    33
Throw: Dart              |       |       |     1 ||     1
  Use: Scroll            |     4 |     3 |     9 ||    16
       Potion            |     3 |     3 |     5 ||    11
 Stab: Invisible         |       |       |     4 ||     4
Armor: Scale mail        |    69 |   113 |    29 ||   211
       Chain mail        |       |       |     7 ||     7
       Plate armour      |       |       |   112 ||   112
Dodge: Dodged            |    76 |    75 |    88 ||   239
       Repelled          |       |       |     2 ||     2
Block: Buckler           |    29 |    34 |    36 ||    99
       Kite shield       |       |       |    23 ||    23
